 Dungeon Crawl Stone Soup version 0.31-a0-233-g139696dc86 (webtiles) character file.

Game seed: 9900244460751820646

1882 qw the Skirmisher (level 9, -8/55 HPs)
             Began as a Gargoyle Hexslinger on July 8, 2023.
             Killed from afar by Maggie (22 damage)
             ... with a bolt of fire
             ... on level 7 of the Dungeon.
             The game lasted 00:02:40 (5180 turns).

qw the Skirmisher (Gargoyle Hexslinger)             Turns: 5180, Time: 00:02:40

Health: -8/55      AC: 15    Str: 13    XL:     9   Next: 14%
Magic:  10/10      EV: 12    Int: 13    God:
Gold:   248        SH:  0    Dex: 16    Spells: 9/10 levels left

rFire   . . .        Y - +2 sling
rCold   . . .        (no shield)
rNeg    + . .        g - +0 steam dragon scales
rPois   inf          d - +0 helmet
rElec   +            (no cloak)
rCorr   .            a - +1 pair of gloves
SInv    .            (no boots)
Will    .....        c - amulet of regeneration
Stlth   +            (no ring)
HPRegen 1.09/turn    (no ring)
MPRegen 0.12/turn

%: no passive effects
@: mesmerised
A: sickness immunity, AC +6, negative energy resistance 1, electricity
resistance, torment resistance 1, petrification resistance
a: no special abilities


You were on level 7 of the Dungeon.
You visited 2 branches of the dungeon, and saw 8 of its levels.

You collected 338 gold pieces.
You spent 90 gold pieces at shops.


Innate Abilities, Weirdness & Mutations

You are immune to sickness and miasma.
Your stone body is resilient. (AC +6)
You are immune to poison.
You resist negative energy. (rN+)
You are resistant to electric shocks. (rElec)
You are resistant to unholy torment.
You are immune to petrification.


   Skills:
 - Level 6.0 Fighting
 + Level 9.7 Ranged Weapons
 - Level 3.1 Armour
 - Level 2.4 Dodging
 - Level 1.0 Spellcasting
 - Level 2.6 Hexes


You had 9 spell levels left.
You knew the following spells:

 Your Spells              Type           Power      Damage    Failure   Level
a - Slow                  Hex            28%        N/A       10%         1

Your spell library contained the following spells:

 Spells                   Type           Power      Damage    Failure   Level
 Inner Flame              Hex/Fire       4%         N/A       43%         3
 Portal Projectile        Hex/Tloc       8%         N/A       43%         3
 Cause Fear               Hex            3%         N/A       67%         4

Inventory:

Hand Weapons
 Y - a +2 sling (weapon)
Armour
 a - a +1 pair of gloves (worn)
 d - a +0 helmet (worn)
 g - +0 steam dragon scales (worn)
Jewellery
 c - an amulet of regeneration (around neck)
Scrolls
 f - 2 scrolls of identify
Potions
 b - a potion of lignification {unknown}
 e - a potion of mutation {unknown}
 j - a potion of magic {unknown}
 k - a potion of berserk rage {unknown}
 l - a potion of cancellation {unknown}
 m - 2 potions of curing

Dungeon Overview and Level Annotations

Branches:
Dungeon (7/15)             Temple (1/1) D:5

Altars:
Ashenzari
Cheibriados
Elyvilon
Fedhas
Gozag
Hepliaklqana
Kikubaaqudgha
Makhleb
Nemelex Xobeh
Qazlal
Ru
Sif Muna
Trog
Uskayaw
Vehumet
Wu Jian
Yredelemnul
Zin
The Shining One

Shops:
D:1 :   D:6 =

Annotations:
D:5 1 runed translucent door, Crazy Yiuf
D:7 Maggie


Message History

Maggie is severely wounded.
Maggie closely misses you.
You shoot a sling bullet. The sling bullet barely misses Maggie.
Maggie gestures wildly while chanting.
Maggie attempts to bespell you!
You are mesmerised by Maggie!
You shoot a sling bullet. The sling bullet hits Maggie.
Maggie is severely wounded.
Maggie mumbles some strange words.
Maggie draws you further into her thrall.
You shoot a sling bullet. The sling bullet hits Maggie.
Maggie is severely wounded.
Maggie hits you with a +0 war axe.
You shoot a sling bullet. The sling bullet barely misses Maggie.
Maggie barely misses you.
You shoot a sling bullet. The sling bullet hits Maggie.
Maggie is severely wounded.
Maggie says, "How do the people who live here stand the isolation?"
Maggie gestures at you while chanting. The bolt of fire misses you.
You shoot a sling bullet.
The sling bullet hits Maggie but does no damage.
Maggie is severely wounded.
Maggie gestures at you while chanting. The bolt of fire hits you!
You shoot a sling bullet. The sling bullet hits Maggie!
Maggie is almost dead.
Maggie casts a spell.
Maggie draws you further into her thrall.
You shoot a sling bullet. The sling bullet closely misses Maggie.
Maggie hits you with a +0 war axe!
You shoot a sling bullet. The sling bullet hits Maggie.
Maggie is almost dead.
Maggie closely misses you.
You shoot a sling bullet.
The sling bullet hits Maggie but does no damage.
Maggie is almost dead.
Maggie points at you and mumbles some strange words.
The bolt of fire hits you!!
You die...

. .#####...# ......
##....#....# ......
...........# ......
...........# ......
...........# #...
...........### #..##
...........'.#### ..#
...........#....###.#
......@@...####.##..#
........####...<#..##
.########
#........####
#.....>...#..
#.....##..#.#
#.....#.....#
#.....###.###
#.........#
#....####.#


You could see Maggie (mesmerising).

Vanquished Creatures
  2 steam dragons
  2 water moccasins
  A sky beast (D:7)
  3 ogres
  A phantom (D:6)
  2 bullfrogs (D:7)
  Blork the orc (D:6)
  2 scorpions
  A howler monkey (D:6)
  A jelly (D:5)
  4 hounds
  A gnoll bouda (D:7)
  2 sleepcaps
  3 iguanas
  2 orc wizards (D:5)
  7 gnolls
  9 adders
  2 shadow imps (D:6)
  A white imp (D:7)
  4 worms
  10 orcs
  7 endoplasms
  2 giant cockroaches (D:4)
  9 goblins
  9 hobgoblins
  6 jackals (D:1)
  A quokka (D:2)
  10 ball pythons
  4 bats
  6 frilled lizards
  10 kobolds
  3 rats
128 creatures vanquished.

Notes
Turn   | Place    | Note
-------+----------+-------------------------------------------
     0 | D:1      | qw the Gargoyle Hexslinger began the quest for the Orb.
     0 | D:1      | Reached XP level 1. HP: 12/12 MP: 2/2
     0 | D:1      | 0 ||| qw: Version: 0.3-a-46-gb1f654a
     0 | D:1      | 0 ||| qw: Game counter: 3486
     0 | D:1      | 0 ||| qw: Melee chars always use a shield: true
     0 | D:1      | 0 ||| qw: God list: Okawaru
     0 | D:1      | 0 ||| qw: Allow faded altars: false
     0 | D:1      | 0 ||| qw: Do Orc after clearing Dungeon:15 true
     0 | D:1      | 0 ||| qw: Do second Lair branch before Depths: true
     0 | D:1      | 0 ||| qw: Lair rune preference: random
     0 | D:1      | 0 ||| qw: Goals: Normal
     0 | D:1      | 0 ||| PLANNING D:1-11
   107 | D:1      | Reached XP level 2. HP: 16/16 MP: 3/3
   159 | D:1      | Reached skill level 3 in Ranged Weapons
   161 | D:1      | 161 ||| FLEEEEING.
   162 | D:1      | 162 ||| FLEEEEING.
   163 | D:1      | 163 ||| FLEEEEING.
   209 | D:1      | Found Jubat's Book Boutique.
   316 | D:1      | Reached XP level 3. HP: 21/21 MP: 4/4
   333 | D:1      | 333 ||| FLEEEEING.
   570 | D:1      | 570 ||| UPGRADING to +0 ring mail.
   580 | D:1      | 580 ||| DROPPING +0 robe.
   581 | D:1      | 581 ||| READING scroll labelled QEXZIX SAALU.
   582 | D:1      | 582 ||| READING scroll labelled GUKHOU XARIRPH.
   583 | D:1      | 583 ||| READING scroll labelled PUSSUOS GACLO.
   584 | D:1      | 584 ||| READING scroll labelled MEBLOTTA CAAPN.
   585 | D:1      | 585 ||| READING scroll labelled KOMIG OS ZATOI.
   588 | D:1      | 588 ||| READING scroll labelled TOUNTAECOG.
   589 | D:1      | 589 ||| READING scroll labelled ZIYSOU OSOCHYNN.
   590 | D:1      | 590 ||| DROPPING scroll of poison.
   699 | D:2      | HP: 5/21 [gnoll/+0 whip (4)]
   701 | D:2      | Reached XP level 4. HP: 4/26 MP: 5/5
   822 | D:2      | Reached skill level 4 in Ranged Weapons
   883 | D:2      | Reached skill level 1 in Armour
  1158 | D:2      | Reached XP level 5. HP: 30/30 MP: 6/6
  1159 | D:2      | Found a faded altar of an unknown god.
  1440 | D:2      | 1440 ||| UPGRADING to +0 pair of gloves.
  1445 | D:2      | 1445 ||| UPGRADING to +0 helmet.
  1450 | D:2      | 1450 ||| DROPPING ring of flight.
  1451 | D:2      | 1451 ||| READING scroll labelled QYTEIM REDE.
  1452 | D:2      | 1452 ||| READING 3 scrolls labelled GADODD FYIGE.
  1453 | D:2      | 1453 ||| DROPPING 2 scrolls of fog.
  1671 | D:3      | Reached skill level 5 in Ranged Weapons
  2124 | D:3      | 2124 ||| UPGRADING to amulet of regeneration.
  2129 | D:3      | 2129 ||| READING scroll labelled KOEVAD NORU.
  2130 | D:3      | 2130 ||| DRINKING 2 orange potions.
  2245 | D:4      | Reached skill level 3 in Fighting
  2245 | D:4      | Reached XP level 6. HP: 36/38 MP: 7/7
  2334 | D:4      | HP: 2/38 [ogre/+0 giant club (26)]
  2335 | D:4      | 2335 ||| DRINKING potion of heal wounds.
  2345 | D:4      | Reached skill level 6 in Ranged Weapons
  2345 | D:4      | 2345 ||| FLEEEEING.
  2346 | D:4      | 2346 ||| FLEEEEING.
  2382 | D:4      | Found Zin's Purification Station.
  2393 | D:4      | Found a glowing silver altar of Zin.
  2397 | D:4      | 2397 ||| BUYING potion of curing (90 gold).
  2397 | D:4      | Bought a potion of curing for 90 gold pieces
  2683 | D:4      | Reached XP level 7. HP: 43/43 MP: 8/8
  2752 | D:4      | Found a bloodstained altar of Trog.
  2752 | D:4      | Found a radiant altar of Vehumet.
  2760 | D:4      | Found a basalt altar of Yredelemnul.
  2762 | D:4      | Found a white marble altar of Elyvilon.
  2764 | D:4      | Found a stormy altar of Qazlal.
  2874 | D:4      | 2874 ||| READING scroll labelled UNNION XOED.
  2875 | D:4      | 2875 ||| READING 2 scrolls of identify.
  2875 | D:4      | 2875 ||| IDENTIFYING yellow potion
  2876 | D:4      | 2876 ||| DROPPING potion of attraction.
  2901 | D:5      | Entered Level 5 of the Dungeon
  3056 | D:5      | Reached skill level 7 in Ranged Weapons
  3194 | D:5      | Reached skill level 3 in Armour
  3398 | D:5      | 3398 ||| Stepping ~*~*~tactically~*~*~ (outnumbered).
  3400 | D:5      | 3400 ||| Stepping ~*~*~tactically~*~*~ (outnumbered).
  3410 | D:5      | 3410 ||| DRINKING potion of curing.
  3410 | D:5      | 3410 ||| (to cure confusion)
  3500 | D:5      | Found a staircase to the Ecumenical Temple.
  3501 | D:5      | 3501 ||| PLANNING TEMPLE
  3501 | D:5      | 3501 ||| READING scroll labelled WOOMEG VIUQ.
  3510 | Temple   | Entered the Ecumenical Temple
  3545 | Temple   | 3545 ||| PLANNING D:1-11
  3678 | D:5      | Found a runed translucent door.
  3679 | D:5      | Noticed Crazy Yiuf
  3724 | D:5      | Reached XP level 8. HP: 48/48 MP: 9/9
  3929 | D:5      | 3929 ||| READING 2 scrolls of identify.
  3929 | D:5      | 3929 ||| IDENTIFYING viscous emerald potion
  3930 | D:5      | 3930 ||| DROPPING potion of degeneration.
  4086 | D:6      | Reached skill level 8 in Ranged Weapons
  4103 | D:6      | 4103 ||| READING scroll of enchant armour.
  4103 | D:6      | 4103 ||| ENCHANTING +0 pair of gloves.
  4216 | D:6      | 4216 ||| Stepping ~*~*~tactically~*~*~ (cloud).
  4230 | D:6      | HP: 3/48 [steam dragon/ball of steam (19)]
  4231 | D:6      | 4231 ||| DRINKING 2 potions of heal wounds.
  4233 | D:6      | 4233 ||| DRINKING potion of heal wounds.
  4278 | D:6      | Found Heubbick's Jewellery Shoppe.
  4284 | D:6      | 4284 ||| SHOPLISTING ring "Apsiynn" {rPois Dex+6} (472
                  | gold, have 169).
  4284 | D:6      | 4284 ||| SHOPLISTING ring of fire (250 gold, have 169).
  4284 | D:6      | 4284 ||| SHOPLISTING ring of ice (250 gold, have 169).
  4284 | D:6      | 4284 ||| SHOPLISTING ring of protection from fire (250
                  | gold, have 169).
  4284 | D:6      | 4284 ||| SHOPLISTING ring of resist corrosion (200 gold,
                  | have 169).
  4445 | D:6      | Noticed Blork the orc
  4457 | D:6      | Killed Blork the orc
  4649 | D:6      | 4649 ||| UPGRADING to +0 steam dragon scales.
  4659 | D:6      | 4659 ||| DROPPING +0 ring mail.
  4660 | D:6      | 4660 ||| DROPPING +0 leather armour of poison resistance.
  4869 | D:7      | Reached skill level 9 in Ranged Weapons
  4894 | D:7      | Reached XP level 9. HP: 55/55 MP: 10/10
  4942 | D:7      | Reached skill level 6 in Fighting
  5138 | D:7      | Noticed Maggie
  5178 | D:7      | HP: 12/55 [Maggie/+0 war axe (10)]
  5180 | D:7      | Killed from afar by Maggie

Levels and vault maps discovered:
D:1:      dpeg_arrival_line_fractal, layout_rooms, serial_shops,
          nicolae_shop_stone, skrybe_limestone_x, chequers_garden
D:2:      layout_basic, basic_ecumenical_altar, chequers_serial_rivers_micro_a,
          kennysheep_generic_room_16
D:3:      layout_loops_cross
D:4:      layout_loops_cross, zin_purify, chequers_temple_overflow_minitemple,
          minmay_misc_feat_room
D:5:      layout_loops_corners, minmay_temple_entry_wispy,
          uniq_crazy_yiuf_cottage
D:6:      layout_basic, serial_shops, nicolae_shop_statue_plus,
          uniq_blork_the_orc
D:7:      kennysheep_six_static_rooms, layout_basic, uniq_maggie
Temple:   nicolae_temple_god_jail

Skill      XL: |  1  2  3  4  5  6  7  8  9 |
---------------+----------------------------+-----
Ranged Weapons | 3 4 5 6 7 9 |  9.7
Fighting       | 2 3 4 5 6 |  6.0
Armour         | 1 3 |  3.1
Dodging        | 2 |  2.4
Spellcasting   | |  1.0
Hexes          | |  2.6

Action                     |  1- 3 |  4- 6 |  7- 9 || total
---------------------------+-------+-------+-------++-------
   Fire: Sling             |   124 |   243 |   385 ||   752
    Use: Scroll            |     7 |     3 |     5 ||    15
         Potion            |       |     2 |     3 ||     5
 Armour: Robe              |    21 |       |       ||    21
         Ring mail         |     1 |    89 |   111 ||   201
         Steam dragon scal |       |       |    40 ||    40
  Dodge: Dodged            |    54 |    79 |   140 ||   273

Table legend:
 A = Non-vault XP
 B = Vault XP
 C = Vault XP percentage of total XP
 D = Non-vault monster count
 E = Vault monster count
 F = Vault count percentage of total count
                 A         B        C        D         E       F
            +---------+---------+-------+---------+---------+-------
      Total |    2248 |     441 |  16.4 |     118 |      10 |   7.8
            +---------+---------+-------+---------+---------+-------
        D:1 |      49 |       0 |   0.0 |      30 |       0 |   0.0
        D:2 |     120 |      19 |  13.7 |      26 |       3 |  10.3
        D:3 |      39 |       0 |   0.0 |      14 |       0 |   0.0
        D:4 |     397 |       0 |   0.0 |      17 |       0 |   0.0
        D:5 |     584 |       0 |   0.0 |      13 |       0 |   0.0
        D:6 |     546 |      94 |  14.7 |       9 |       1 |  10.0
        D:7 |     513 |     328 |  39.0 |       9 |       6 |  40.0
            +---------+---------+-------+---------+---------+-------
